 Dungeon Crawl Stone Soup version 0.28.0 (webtiles) character file.

Game seed: 5349844398142544879

6139 skewfiend the Cleaver (level 10, -4/76 HPs)
             Began as a Demonspawn Fighter on Feb 15, 2022.
             Was a Priest of Hepliaklqana.
             Slain by a centaur warrior (10 damage)
             ... on level 9 of the Dungeon.
             The game lasted 00:31:39 (9992 turns).

skewfiend the Cleaver (Demonspawn Fighter)          Turns: 9992, Time: 00:31:40

Health: -4/76      AC: 17    Str: 19    XL:     10   Next: 59%
Magic:  0/17       EV:  3    Int: 10    God:    Hepliaklqana [***...]
Gold:   318        SH:  8    Dex: 14    Spells: 7/9 levels left

rFire   . . .      SeeInvis +   a - +0 war axe
rCold   . . .      Faith    .   z - +0 kite shield
rNeg    . . .      Spirit   +   J - +0 plate armour
rPois   .          Reflect  .   (helmet restricted)
rElec   .          Harm     .   n - +0 cloak
rCorr   .          Rampage  .   B - +2 pair of gloves {Stlth+}
Will    .....                   h - +0 pair of boots
Stlth   ..........              (no amulet)
HPRegen 0.22/turn               i - ring of see invisible
MPRegen 0.30/turn               (no ring)

@: on berserk cooldown, hasted and slowed
A: reduced essence, horns 2, rugged brown scales 1, powered by pain 2, magic
shield, magic regeneration
a: Renounce Religion, Recall Ancestor, Ancestor Identity, Transference


You were on level 9 of the Dungeon.
You worshipped Hepliaklqana.
Hepliaklqana was most pleased with you.
You visited 2 branches of the dungeon, and saw 10 of its levels.

You collected 412 gold pieces.
You spent 94 gold pieces at shops.

Inventory:

Hand Weapons
 a - a +0 war axe (weapon)
 H - a +2 whip of draining
 S - a +0 trident
 V - a +3 battleaxe
Missiles
 o - 283 stones (quivered)
 p - 24 poisoned darts
 C - 4 boomerangs
 F - 9 javelins
 M - 2 throwing nets
Armour
 b - a +0 scale mail
 c - a +0 buckler
 h - a +0 pair of boots (worn)
 n - a +0 cloak (worn)
 v - a +0 chain mail
 z - a +0 kite shield (worn)
 B - a +2 pair of gloves of stealth (worn)
 J - a +0 plate armour (worn)
Magical Staves
 O - a staff of air
Jewellery
 i - a ring of see invisible (left hand)
 N - a ring of resist corrosion
 W - an amulet of regeneration
Wands
 y - a wand of charming (4)
 D - a wand of digging (6)
 E - a wand of polymorph (6)
 T - a wand of paralysis (11)
 U - a wand of flame (13)
Scrolls
 e - a scroll of teleportation
 j - a scroll of enchant armour {unknown}
 q - 2 scrolls of immolation {unknown}
 r - a scroll of fear {unknown}
 t - 2 scrolls of blinking {unknown}
 u - a scroll of torment {unknown}
 w - a scroll of silence
 x - a scroll of acquirement {unknown}
 A - 2 scrolls of fog {unknown}
 G - 4 scrolls of identify
 I - 2 scrolls of holy word {unknown}
 K - a scroll of amnesia {unknown}
 L - 2 scrolls of magic mapping
 P - a scroll of vulnerability {unknown}
 Q - 2 scrolls of noise {unknown}
Potions
 d - a potion of might
 f - 2 potions of lignification
 g - a potion of curing
 l - 2 potions of flight
 R - a potion of cancellation {unknown}


   Skills:
 + Level 8.8 Fighting
 * Level 10.7 Axes
 - Level 2.6 Armour
 - Level 2.6 Shields
 + Level 10.1 Invocations


You had 7 spell levels left.
You knew the following spells:

 Your Spells              Type           Power      Damage    Failure   Level
a - Passwall              Tmut/Erth      0%         N/A       100%        2

Your spell library contained the following spells:

 Spells                   Type           Power      Damage    Failure   Level
 Freeze                   Ice            0%         1d3       100%        1
 Magic Dart               Conj           0%         1d3       100%        1
 Sandblast                Erth           0%         2d4       100%        1
 Shock                    Conj/Air       0%         1d3       100%        1
 Slow                     Hex            0%         N/A       100%        1
 Call Imp                 Summ           0%         N/A       100%        2
 Confusing Touch          Hex            0%         N/A       100%        3
 Dazzling Flash           Conj/Hex       0%         N/A       100%        3
 Frozen Ramparts          Ice            0%         1d2       100%        3
 Mephitic Cloud           Conj/Pois/Air  0%         N/A       100%        3
 Stone Arrow              Conj/Erth      0%         3d7       100%        3
 Vampiric Draining        Necr           0%         2d6       100%        3
 Animate Dead             Necr           0%         N/A       100%        4
 Hailstorm                Conj/Ice       0%         3d3       100%        4
 Ice Form                 Ice/Tmut       0%         N/A       100%        4
 Agony                    Necr           0%         N/A       100%        5
 Borgnjor's Vile Clutch   Necr/Erth      0%         N/A       100%        5
 Silence                  Hex/Air        0%         N/A       100%        5
 Death Channel            Necr           0%         N/A       100%        6


Dungeon Overview and Level Annotations

Branches:
Dungeon (9/15)             Temple (1/1) D:7            Lair (0/6) D:8
    Orc: D:9-12

Altars:
Ashenzari
Cheibriados
Dithmenos
Elyvilon
Fedhas
Hepliaklqana
Kikubaaqudgha
Makhleb
Nemelex Xobeh
Okawaru
Qazlal
Ru
Uskayaw
Vehumet
Xom
Yredelemnul
Zin

Shops:
D:3 ![[   D:8 *

Annotations:
D:3 dig gloves


Innate Abilities, Weirdness & Mutations

Your life essence is reduced to manifest your ancestor. (-10% HP)
You have a pair of horns on your head.
You are partially covered in rugged brown scales. (AC +1, +3% HP)
You sometimes gain power by taking damage.
When hurt, damage is shared between your health and your magic reserves.
You regenerate magic rapidly.


Message History

The vampire bites you!
* * * LOW HITPOINT WARNING * * *
The vampire draws strength from your injuries!
Unknown command.
You feel much better. The centaur warrior hits you.
The centaur warrior kicks you but does no damage.
The centaur warrior hits you but does no damage.
The centaur warrior kicks you but does no damage.
The vampire hits you.
* * * LOW HITPOINT WARNING * * *
The vampire bites you but does no damage.
The centaur warrior hits you!
* * * LOW HITPOINT WARNING * * *
The centaur warrior kicks you but does no damage.
Unknown command.
You are too confused!
You're too confused to move!
You feel less confused.
The centaur warrior hits you but does no damage.
The centaur warrior kicks you.
* * * LOW HITPOINT WARNING * * *
You block the vampire's attack. x2
The centaur warrior hits you but does no damage.
The centaur warrior kicks you but does no damage.
The vampire hits you but does no damage.
The vampire bites you but does no damage.
You feel better. You block the centaur warrior's attack.
The centaur warrior kicks you but does no damage.
The vampire barely misses you.
The vampire bites you but does no damage.
The centaur warrior barely misses you. The centaur warrior kicks you.
* * * LOW HITPOINT WARNING * * *
Unknown command.
Okay, then.
You feel yourself speed up.
The centaur warrior hits you but does no damage.
You block the centaur warrior's attack. The vampire hits you.
* * * LOW HITPOINT WARNING * * *
You block the vampire's attack. The centaur warrior hits you!
You die...

#..####..# #.
#.#######...)..).#####.
............)..........
.####.#.#..############
#.#.#.##..# #........#
#...####..#
..####.##...#
#....c@....#
#.###V###..# P.. #..#
#.## #..# #.#$ #..#
#.#+ #..# #P. #..# ###
#..#


You could see a centaur warrior and a vampire.

Vanquished Creatures
  A centaur warrior (D:9)
  A troll (D:9)
  A wyvern (D:9)
  2 yaks (D:8)
  A steam dragon (D:8)
  An orc warrior (D:7)
  2 sky beasts (D:7)
  A black bear (D:7)
  A hornet zombie (D:8)
  A necrophage (D:4)
  2 wolves (D:8)
  A kobold brigand (D:5)
  A bullfrog (D:7)
  A scorpion (D:5)
  9 wights
  A howler monkey (D:5)
  2 electric eels (D:8)
  4 hounds
  A jelly (D:6)
  A gnoll shaman (D:7)
  2 orc priests
  A bullfrog skeleton (D:7)
  An iguana (D:7)
  Jessica (D:3)
  5 orc wizards
  A killer bee zombie (D:8)
  2 hound skeletons
  6 gnolls
  4 adders
  2 white imps
  A worm (D:4)
  6 dart slugs
  19 orcs
  9 endoplasms
  3 giant cockroaches
  3 goblins (D:1)
  11 hobgoblins
  4 jackals (D:1)
  3 quokkas
  2 ball pythons (D:1)
  8 bats
  28 kobolds
  3 rats
160 creatures vanquished.

Vanquished Creatures (collateral kills)
  2 two-headed ogres (D:9)
  A troll (D:8)
  A yak (D:8)
  An orc warrior (D:7)
  A sky beast (D:6)
  A black bear (D:5)
  2 centaurs
  A bullfrog (D:7)
  4 wights
  2 hounds (D:8)
  4 jellies
  An orc priest (D:7)
  An iron imp (D:3)
  3 orc wizards
  5 gnolls
  An adder (D:6)
  A white imp (D:8)
  A worm (D:4)
  7 orcs
  3 endoplasms
  A goblin (D:3)
  A hobgoblin (D:1)
  A quokka (D:4)
  5 kobolds
51 creatures vanquished.

Vanquished Creatures (others)
  5 dream sheep (D:5)
  4 hexers
  41 plants
50 creatures vanquished.

Grand Total: 261 creatures vanquished

Notes
Turn   | Place    | Note
-------+----------+-------------------------------------------
     0 | D:1      | skewfiend the Demonspawn Fighter began the quest for the
                  | Orb.
     0 | D:1      | Reached XP level 1. HP: 18/18 MP: 1/1
   125 | D:1      | Gained mutation: You have a pair of small horns on your
                  | head. [demonic ancestry]
   125 | D:1      | Reached XP level 2. HP: 21/24 MP: 2/2
   469 | D:1      | Gained mutation: You are partially covered in rugged brown
                  | scales. (AC +1, +3% HP) [demonic ancestry]
   469 | D:1      | Reached XP level 3. HP: 21/29 MP: 3/3
   699 | D:1      | Found a faded altar of an unknown god.
   703 | D:1      | Prayed at the altar of an unknown god.
   703 | D:1      | Became a worshipper of Hepliaklqana the Forgotten
   703 | D:1      | Reached * piety under Hepliaklqana
  1515 | D:2      | Reached XP level 4. HP: 34/34 MP: 4/4
  1762 | D:3      | Found a basalt altar of Yredelemnul.
  1852 | D:3      | Found Zeolic's Armour Boutique.
  1860 | D:3      | Bought a +0 pair of gloves for 49 gold pieces
  1884 | D:3      | Reached ** piety under Hepliaklqana
  1885 | D:3      | Remembered your ancestor Amyrtaeus as a hexer
  2037 | D:3      | Found a shadowy altar of Dithmenos.
  2062 | D:3      | Found a burning altar of Makhleb.
  2122 | D:3      | Got the Compendium of the Snail
  2126 | D:3      | Learned a level 2 spell: Passwall
  2267 | D:3      | Found a snail-covered altar of Cheibriados.
  2277 | D:3      | Reached skill level 1 in Invocations
  2471 | D:3      | Noticed Jessica
  2474 | D:3      | Killed Jessica
  2475 | D:3      | Gained mutation: You sometimes gain a little power by
                  | taking damage. [demonic ancestry]
  2475 | D:3      | Reached XP level 5. HP: 39/39 MP: 4/6
  2634 | D:3      | Found Toretope's Distillery.
  2932 | D:3      | Found Safuss's Antique Armour Shop.
  3253 | D:4      | Found a hazy altar of Hepliaklqana.
  3304 | D:4      | Reached XP level 6. HP: 33/45 MP: 7/7
  3866 | D:5      | Entered Level 5 of the Dungeon
  3918 | D:5      | Reached skill level 5 in Axes
  4140 | D:5      | Reached *** piety under Hepliaklqana
  4155 | D:5      | Gained mutation: You sometimes gain power by taking damage.
                  | [demonic ancestry]
  4155 | D:5      | Reached XP level 7. HP: 47/51 MP: 9/9
  4189 | D:5      | Reached skill level 5 in Fighting
  4607 | D:5      | Noticed a dream sheep
  4607 | D:5      | Noticed a dream sheep
  4607 | D:5      | Noticed a dream sheep
  4607 | D:5      | Noticed a dream sheep
  4607 | D:5      | Noticed a dream sheep
  4607 | D:5      | Found a shimmering altar of Xom.
  4609 | D:5      | Killed a dream sheep
  4609 | D:5      | Killed a dream sheep
  4609 | D:5      | Killed a dream sheep
  4609 | D:5      | Killed a dream sheep
  4613 | D:5      | Killed a dream sheep
  5144 | D:6      | Reached skill level 5 in Invocations
  5156 | D:6      | Gained mutation: You regenerate magic rapidly. [demonic
                  | ancestry]
  5156 | D:6      | Reached XP level 8. HP: 47/59 MP: 11/11
  6554 | D:7      | Found a staircase to the Ecumenical Temple.
  6738 | D:7      | Gained mutation: You have a pair of horns on your head.
                  | [demonic ancestry]
  6738 | D:7      | Reached XP level 9. HP: 44/63 MP: 14/14
  7282 | D:6      | Reached **** piety under Hepliaklqana
  7674 | Temple   | Entered the Ecumenical Temple
  7940 | D:8      | Found Xaynkudd's General Store.
  7943 | D:8      | Bought a scroll of magic mapping for 45 gold pieces
  7968 | D:8      | Noticed a troll
  7973 | D:8      | Killed a troll
  8485 | D:8      | Found a staircase to the Lair.
  9527 | D:9      | Gained mutation: When hurt, damage is shared between your
                  | health and your magic reserves. [demonic ancestry]
  9527 | D:9      | Reached XP level 10. HP: 74/74 MP: 16/16
  9725 | D:9      | Noticed a two-headed ogre
  9731 | D:9      | Killed a two-headed ogre
  9732 | D:9      | Reached skill level 10 in Axes
  9754 | D:9      | Noticed a two-headed ogre
  9770 | D:9      | Killed a two-headed ogre
  9966 | D:9      | Noticed a centaur warrior
  9967 | D:9      | Noticed a centaur warrior
  9980 | D:9      | Killed a centaur warrior
  9981 | D:9      | Reached skill level 10 in Invocations
  9988 | D:9      | HP: 3/76 [vampire (9)]
  9992 | D:9      | Slain by a centaur warrior

Illustrated notes

Levels and vault maps discovered:
D:1:      heliophobic_arrival_dark_side_of_the_moon, layout_basic,
          nicolae_ecumenical_lake_church, minmay_split_cup_large
D:2:      layout_loops_cross
D:3:      corexii_shack_village, layout_basic, slow_altar_2,
          mainiacjoe_overflow_cross_hatched, grunt_dithmenos_smoke_and_mirrors,
          mainiacjoe_overflow_alcove_1, serial_shops, nicolae_shop_statue_plus,
          nicolae_shop_hallway_stairs, nicolae_square_shop, item_on_display_b,
          uniq_jessica
D:4:      cheibrodos_old_hovel, layout_loops_ring, old_standard_altar,
          chequers_mini_garden
D:5:      kennysheep_kobold_camp, layout_basic, kb_xom_exploding_sheep
D:6:      kennysheep_spiral_hall, layout_loops_cross, uniq_duvessa, uniq_pikel
D:7:      layout_basic, minmay_temple_entry_crystal_x, serial_glass,
          glass_columns_b, glass_columns_c
D:8:      layout_loops_corners, erik_lair_island, serial_shops,
          kennysheep_mini_moat, minmay_misc_feat_secret_circle
D:9:      layout_long_grid, nzn_overflow_gifts_of_might_and_magic,
          elyvilon_altar_5, ebering_ghost_disaster_area, serial_shops,
          nicolae_shop_trees, corexii_checkpoint_a, minmay_shattered_shrine
Temple:   dpeg_chambers_temple

Skill      XL: |  1  2  3  4  5  6  7  8  9 10 |
---------------+-------------------------------+-----
Axes           | 2 3 4 5 6 7 9 10 | 10.7
Invocations    | 1 2 3 5 7 8 10 | 10.1
Fighting       | 4 5 6 8 |  8.8
Armour         | |  2.6
Shields        | |  2.6

Action                   |  1- 3 |  4- 6 |  7- 9 | 10-12 || total
-------------------------+-------+-------+-------+-------++-------
Melee: War axe           |    98 |   112 |   293 |    31 ||   534
       Headbutt          |    11 |    23 |    84 |     6 ||   124
Throw: Stone             |     7 |     7 |     5 |       ||    19
       Javelin           |       |       |     3 |       ||     3
       Boomerang         |       |       |       |     2 ||     2
 Cast: Passwall          |       |     2 |       |       ||     2
Invok: Recall Ancestor   |       |     2 |     6 |       ||     8
       Ancestor Life: He |       |     1 |       |       ||     1
       Idealise          |       |       |     2 |     2 ||     4
       Transference      |       |       |     1 |       ||     1
Evoke: Wand              |       |       |       |     1 ||     1
  Use: Scroll            |     2 |     1 |     3 |       ||     6
       Potion            |     2 |       |     1 |     4 ||     7
 Stab: Distracted        |       |     1 |     3 |     2 ||     6
       Confused          |       |     1 |    11 |       ||    12
Armor: Scale mail        |    65 |    14 |       |       ||    79
       Chain mail        |       |    37 |       |       ||    37
       Plate armour      |       |     7 |   169 |    48 ||   224
Dodge: Dodged            |    45 |    19 |    26 |    10 ||   100
Block: Buckler           |    19 |     3 |       |       ||    22
       Kite shield       |       |    43 |   124 |    29 ||   196
